 Dungeon Crawl Stone Soup version 0.22-a0-866-geee50340df (webtiles) character file.

621227 teofil the Axe Maniac (level 27, -24/387 HPs)
             Began as a Minotaur Berserker on July 28, 2018.
             Was a High Priest of Trog.
             Killed from afar by an orb of fire (30 damage)
             ... with a bolt of fire
             ... on level 5 of the Realm of Zot.
             The game lasted 03:30:57 (69091 turns).

teofil the Axe Maniac (Minotaur Berserker)         Turns: 69091, Time: 03:30:59

Health: -24/387    AC: 44    Str: 39    XL:     27
Magic:  29/29      EV: 27    Int:  4    God:    Trog [*****.]
Gold:   5046       SH:  0    Dex: 22    Spells: 26/26 levels left

rFire    + . .     SeeInvis +   l - +8 executioner's axe "Agusuolo" {speed, Fragile +Blink rElec rC++}
rCold    + + +     Gourm    .   (shield currently unavailable)
rNeg     . . .     Faith    .   d - +10 gold dragon scales
rPois    +         Spirit   .   (helmet unavailable)
rElec    +         Reflect  .   A - +4 cloak of Kyalen Suumu {Int+5}
rCorr    .         Harm     .   M - +2 pair of gloves {Str+3}
MR       +++++                  s - +2 pair of boots {Stlth+}
Stlth    ..........             k - amulet of Vitality {Regen+ HP+15}
HPRegen  2.14/turn              Y - +3 ring of strength
MPRegen  0.21/turn              V - ring "Leduso" {rElec MR+ Int-5 Dex+5 SInv}

@: berserking, regenerating, slowed, studying Stealth
A: retaliatory headbutt, horns 3, deformed body, frail 1, low mp 1, wild magic 1
}: 3/15 runes: decaying, serpentine, silver
a: Berserk, Trog's Hand, Brothers in Arms, Renounce Religion, Evoke Blink


You were on level 5 of the Realm of Zot.
You worshipped Trog.
Trog was extremely pleased with you.
You were near starving.

You visited 9 branches of the dungeon, and saw 47 of its levels.
You visited the Abyss 1 time.
You visited 1 bazaar.
You also visited: Ice Cave, Wizlab and Desolation.

You collected 6101 gold pieces.
You spent 1055 gold pieces at shops.

Inventory:

Hand Weapons
 l - the +8 executioner's axe "Agusuolo" (weapon) {speed, Fragile +Blink rElec rC++}
   (Trog gifted it to you on level 1 of the Lair of Beasts)

   Attacks with this weapon are significantly faster.
   It greatly protects you from cold.
   It insulates you from electricity.
   It lets you blink.
   It will be destroyed if unequipped.
 r - the +3 war axe of Precise Incision {vamp, rElec Str+7}
   (Trog gifted it to you on level 4 of the Vaults)

   It inflicts no extra harm, but heals its wielder when it wounds a living foe.
   It affects your strength (+7).
   It insulates you from electricity.
Missiles
 H - 4 throwing nets (quivered)
 I - 22 javelins of penetration
Armour
 d - +10 gold dragon scales (worn)
 s - a +2 pair of boots of stealth (worn)
 A - the +4 cloak of Kyalen Suumu (worn) {Int+5}
   (You found it on level 2 of the Swamp)

   It affects your intelligence (+5).
 M - a +2 pair of gloves of strength (worn)
Jewellery
 i - an uncursed ring of see invisible
 k - the amulet of Vitality (around neck) {Regen+ HP+15}
   (You took it off a greater mummy on level 2 of the Depths)

   [amulet of regeneration]

   It affects your health (+15).
   It increases your rate of regeneration.
 n - an uncursed ring of protection from fire
 o - the ring "Ataapsi" {rPois MR- Dex+4 Stlth+}
   (You bought it in a shop on level 1 of the Elven Halls)

   [ring of stealth]

   It affects your dexterity (+4).
   It protects you from poison.
   It affects your resistance to hostile enchantments.
   It makes you more stealthy.
 p - an uncursed ring of flight
 q - an uncursed ring of resist corrosion
 y - the ring "Pugaohot" {*Tele rN+ Str+2 Dex-3 Slay+3}
   (You took it off a deep elf annihilator on level 5 of the Vaults)

   [ring of teleportation]

   It may teleport you next to monsters.
   It affects your strength (+2).
   It affects your dexterity (-3).
   It affects your accuracy and damage with ranged weapons and melee attacks
   (+3).
   It protects you from negative energy.
 E - an uncursed ring of poison resistance
 V - the ring "Leduso" (right hand) {rElec MR+ Int-5 Dex+5 SInv}
   (You bought it in a shop on level 2 of the Snake Pit)

   [ring of protection from magic]

   It affects your intelligence (-5).
   It affects your dexterity (+5).
   It insulates you from electricity.
   It affects your resistance to hostile enchantments.
   It lets you see invisible.
 Y - a +3 ring of strength (left hand)
Wands
 e - a wand of digging (22)
 h - a wand of iceblast (47)
 j - a wand of flame (151)
 u - a wand of disintegration (26)
 K - a wand of paralysis (30)
 L - a wand of acid (5)
Scrolls
 b - 6 scrolls of blinking
 t - 5 scrolls of identify
 x - 3 scrolls of enchant weapon
 z - 6 scrolls of fog
 B - 13 scrolls of teleportation
 G - 31 scrolls of remove curse
 O - a scroll of silence
 P - 7 scrolls of magic mapping
 X - 6 scrolls of fear
Potions
 f - 5 potions of cancellation
 g - 3 potions of invisibility
 v - 4 potions of heal wounds
 w - 9 potions of lignification
 C - 4 potions of flight
 D - 18 potions of curing
 F - 12 potions of agility
 N - 13 potions of haste
 U - 2 potions of resistance
 W - 5 potions of might
Books
 a - a manual of Stealth
Miscellaneous
 J - a lamp of fire
 Q - 3 phantom mirrors
 S - 2 sacks of spiders
 T - a lightning rod (4/4)
 Z - a fan of gales
Comestibles
 c - 71 rations
 m - 5 chunks of flesh


   Skills:
 + Level 26.7 Fighting
 O Level 27 Axes
 + Level 25.2 Armour
 + Level 23.5 Dodging
 - Level 4.5 Stealth
 - Level 14.9 Evocations


You had 26 spell levels left.
You didn't know any spells.
Your spell library was empty.

Dungeon Overview and Level Annotations

Branches:
Dungeon (15/15)            Temple (0/1) D:5            Lair (6/6) D:8
  Swamp (4/4) Lair:2        Snake (4/4) Lair:2        Slime (0/5) Lair:6
    Orc (2/2) D:9             Elf (1/3) Orc:2        Vaults (5/5) D:14
  Crypt (0/3) Vaults:2     Depths (5/5) D:15            Zot (5/5) Depths:5

Altars:
Cheibriados
Dithmenos
Fedhas
Makhleb
Ru
Sif Muna
Vehumet
Xom
Beogh
Jiyva

Shops:
D:6 (   D:10 !(   D:11 ?   Orc:2 (([}   Elf:1 %*:}   Snake:2 }==   Depths:1 ?

Portals:
Hell: Depths:1 Depths:2 Depths:3 Depths:4 Depths:5
Abyss: Depths:4 Depths:5
Pandemonium: Depths:2 Depths:3 Depths:4
Ziggurat: Depths:3
Trove: D:11 (show slimy rune of Zot)

Annotations:
Snake:3 1 runed door, strelocc's ghost, adept GnEE


Innate Abilities, Weirdness & Mutations

You reflexively headbutt those who attack you in melee.
You have a pair of large horns on your head.
Armour fits poorly on your strangely shaped body.
You are frail. (-10% HP)
Your magical capacity is low. (-10% MP)
Your spells are a little harder to cast, but a little more powerful.


Message History

The orb of fire is lightly damaged.
You hit the orb of fire but do no damage.
The orb of fire glows deep purple.
The fireball explodes!
The fireball engulfs you! You resist.
* * * LOW HITPOINT WARNING * * *
The fireball engulfs the orb of fire.
The orb of fire completely resists.
The fireball engulfs the orb of fire.
The orb of fire completely resists.
A red film seems to cover your vision as you go berserk!
You feel yourself moving faster!
You feel mighty!
You are near starving!
The orb of fire glows yellow.
The bolt of fire misses you.
The orb of fire glows red.
The fireball explodes!
The fireball engulfs you! You resist.
* * * LOW HITPOINT WARNING * * *
The fireball engulfs the orb of fire.
The orb of fire completely resists.
The fireball engulfs the orb of fire.
The orb of fire completely resists.
The orb of fire glows deep purple.
The bolt of fire hits you! You resist.
You die...

▓▓ ▓▓▓.. ..▓## #▓.....
....## ##....... .....#
▓▓▓▓▓▓▓▓▓ #........
.....▓▓▓.......▓▓▓........
.....▓▓.........▓▓........
.....▓...........▓........
.^.........0....**Lz...^..
.....▓..........@▓L.......
.....▓▓.........▓▓........
.....▓▓▓.......▓▓▓.......^
.....▓ ▓▓▓▓▓▓▓▓▓ ▓........
....▓▓ ▓▓....... ..▓▓▓
▓▓..... ▓▓▓ ▓▓▓..


You could see 2 orbs of fire, an ancient lich and a death cob.

Vanquished Creatures
  4 ancient liches (Zot:5)
  4 orbs of fire
  Mara (Snake:4)
  Mennas (Depths:5)
  3 juggernauts
  Sojobo (Vaults:5)
  2 greater mummies (Depths:2)
  Margery (Depths:5)
  Vashnia (Snake:4)
  Xtahua (Depths:5)
  2 caustic shrikes
  Saint Roka (Vaults:3)
  A curse toe (Zot:4)
  A Killer Klown (Zot:5)
  Nikola (Snake:4)
  16 golden dragons
  2 electric golems
  A bone dragon (Depths:5)
  Jorgrun (Snake:2)
  The ghost of Peapij the Phalangite, an adept NaBe of Trog (Vaults:1)
  22 tentacled monstrosities
  6 liches
  20 Orb Guardians (Zot:5)
  6 quicksilver dragons
  2 ancient champions
  Asterion (Snake:3)
  8 acid blobs (Zot:2)
  4 titans
  Gastronok (Lair:1)
  A death cob (Zot:2)
  Agnes (D:14)
  6 sphinxes
  4 thorn hunters
  2 shadow dragons
  12 tengu reavers
  10 storm dragons
  Donald (Snake:4)
  11 nagarajas
  Aizul (Snake:2)
  An iron dragon (Depths:2)
  6 draconian knights
  3 orc warlords
  16 vault wardens
  13 frost giants
  13 fire giants
  5 draconian shifters
  2 draconian scorchers (Zot:2)
  2 ghost moths
  A juggernaut zombie (Depths:4)
  2 deep elf sorcerers
  A deep elf elementalist (Vaults:5)
  8 draconian annihilators
  17 ironheart preservers
  2 spriggan defenders (Depths:4)
  6 war gargoyles
  An entropy weaver (Vaults:3)
  2 draconian stormcallers
  16 stone giants
  13 very ugly things
  4 green draconians
  2 deep elf demonologists
  Nessos (D:13)
  3 vampire knights
  9 black draconians
  4 purple draconians
  A dire elephant (D:15)
  8 red draconians
  13 spark wasps
  5 deep elf annihilators (Vaults:5)
  16 yellow draconians
  4 white draconians
  A merfolk javelineer (Depths:3)
  4 merfolk impalers
  2 ragged hierophants
  A blizzard demon (Depths:3)
  4 deep elf death magi
  12 ettins
  16 ogre magi
  3 jiangshi
  Josephine (Lair:5)
  3 mummy priests (Depths:2)
  14 fire dragons
  13 yaktaur captains
  7 rakshasas
  15 naga warriors
  9 ice dragons
  4 spriggan air magi
  2 deep elf high priests
  13 great orbs of eyes
  A peacekeeper (Desolation)
  A great orb of eyes (shapeshifter) (Depths:4)
  30 vault guards
  A catoblepas (D:14)
  11 anacondas
  2 death knights (Vaults:2)
  17 hydras
  2 ghost crabs
  4 deep troll shamans
  10 alligators
  26 two-headed ogres
  14 centaur warriors
  11 tengu warriors
  9 death yaks
  4 dancing weapons (Elf:1)
  5 deep troll earth magi
  4 vampire magi
  3 orc high priests (Orc:2)
  2 thrashing horrors (Abyss:2)
  The ghost of nawrastar the Thaumaturge, a novice DsVM of Ru (Lair:1)
  Urug (Lair:5)
  8 naga sharpshooters
  3 spriggan berserkers
  4 shock serpents
  11 deep elf knights
  A wretched star (Abyss:2)
  6 skeletal warriors (WizLab)
  2 shadow wraiths
  A storm dragon skeleton (Depths:4)
  A fire crab (shapeshifter) (Vaults:4)
  4 iron trolls
  2 spriggan druids (Swamp:3)
  4 salamander mystics (Snake:4)
  8 hell knights
  8 swamp dragons
  5 unseen horrors
  10 sea snakes (Snake:2)
  3 flayed ghosts
  A glowing orange brain (shapeshifter) (Vaults:2)
  A glowing orange brain (Vaults:4)
  5 naga ritualists
  9 wizards
  A swamp dragon (shapeshifter) (Vaults:3)
  7 deep elf archers
  An unseen horror (shapeshifter) (Vaults:2)
  A golden dragon skeleton (Depths:4)
  Pikel (D:6)
  A harpy (shapeshifter) (Depths:2)
  9 ironbrand convokers
  2 lindwurms
  10 deep trolls
  A shambling mangrove (Swamp:4)
  11 orc knights
  25 deep elf magi
  7 harpies
  10 necromancers
  5 mana vipers
  6 wolf spiders
  3 orc sorcerers
  A sphinx zombie (Vaults:3)
  32 ugly things
  2 salamanders
  A manticore (D:13)
  9 phantasmal warriors
  3 oklob plants (Zot:2)
  A centaur zombie (D:13)
  6 cyclopes
  A fire giant zombie (Vaults:5)
  A tengu skeleton (Vaults:3)
  16 elephants
  A rust devil (Depths:3)
  2 black mambas (shapeshifter) (D:15)
  3 molten gargoyles (Lair:6)
  A spriggan zombie (Depths:4)
  16 naga magi
  16 vault sentinels
  14 moths of wrath
  36 black mambas
  10 guardian serpents
  3 ice statues (IceCv)
  2 storm dragon simulacra (Vaults:3)
  2 gargoyles
  A spiny frog (shapeshifter) (Depths:2)
  An orange demon (Depths:3)
  10 spiny frogs
  51 yaktaurs
  4 freezing wraiths
  5 rime drakes
  A komodo dragon (shapeshifter) (Depths:1)
  2 kobold demonologists (D:14)
  An efreet (D:13)
  A yaktaur skeleton (Vaults:5)
  12 komodo dragons
  3 guardian mummies (Depths:2)
  A merfolk (D:15)
  2 hellwings (Depths:3)
  2 jumping spiders (Vaults:3)
  A troll (shapeshifter) (Vaults:5)
  12 trolls
  3 meliai (D:13)
  2 tengu simulacra
  8 tengu conjurers
  A merfolk (shapeshifter) (Vaults:4)
  A wind drake (shapeshifter) (Depths:4)
  16 tyrant leeches
  2 polar bears (Lair:6)
  22 slime creatures
  3 bog bodies
  7 dream sheep (Lair:5)
  2 meliai zombies
  A slime creature (shapeshifter) (Depths:3)
  14 blink frogs
  5 saltlings
  Prince Ribbit (D:6)
  9 hippogriffs
  14 hornets
  A dream sheep (shapeshifter) (Depths:4)
  A stone giant simulacrum (Vaults:2)
  A spriggan (shapeshifter) (Depths:2)
  4 shadows
  7 wyverns
  5 vampires
  39 yaks
  16 water elementals
  An air elemental (Elf:1)
  A fire bat (shapeshifter) (Vaults:4)
  A ynoxinul (Depths:3)
  A tarantella (Vaults:3)
  7 wraiths
  9 spriggans
  4 hungry ghosts
  An elf zombie (Vaults:5)
  7 basilisks
  A fire elemental (Depths:1)
  A golden eye (shapeshifter) (Depths:1)
  4 vampire mosquitoes (Swamp:3)
  9 wargs
  Menkaure (D:6)
  51 nagas
  13 swamp worms
  2 two-headed ogre zombies (WizLab)
  4 acid dragons
  A soldier ant (shapeshifter) (Depths:3)
  24 water moccasins
  2 floating eyes (Depths:2)
  4 hell hounds (Lair:6)
  52 orc warriors
  8 porcupines
  8 swamp drakes
  A hornet zombie (D:14)
  9 ice beasts
  2 black bears (shapeshifter)
  An eye of draining (D:11)
  2 slaves (D:7)
  A black bear (D:13)
  A sky beast (D:5)
  2 phantoms
  52 ogres
  21 centaurs
  An elf skeleton (Vaults:3)
  A boggart (Depths:2)
  17 crocodiles
  3 big kobolds
  12 bullfrogs
  2 wyvern zombies (D:10)
  A gnoll sergeant (D:10)
  2 human simulacra
  A glowing shapeshifter simulacrum (Depths:4)
  A wyvern skeleton (D:13)
  63 killer bees
  6 scorpions
  7 troll zombies (WizLab)
  2 vampire bats (Lair:6)
  4 electric eels (Snake:2)
  9 wights
  A howler monkey (D:9)
  7 crimson imps
  2 bullfrog zombies
  4 lava snakes (Lair:6)
  2 hounds
  A quasit (D:12)
  26 jellies
  33 orc wizards
  Crazy Yiuf (D:3)
  27 orc priests
  2 centaur skeletons
  3 iron imps
  A bullfrog skeleton (D:4)
  7 iguanas
  16 worker ants
  7 ogre zombies (WizLab)
  A mummy (Depths:2)
  A hound skeleton (D:7)
  4 gnolls (D:10)
  17 adders
  A howler monkey skeleton (D:7)
  7 shadow imps
  13 white imps
  An ufetubus (Depths:3)
  10 oozes
  3 worms
  3 dart slugs
  9 leopard geckos
  142 orcs
  16 bats
  7 giant cockroaches
  6 goblins
  7 hobgoblins
  9 jackals
  6 quokkas
  5 ball pythons
  5 frilled lizards
  A jackal skeleton (D:4)
  16 kobolds
  2 leopard gecko skeletons
  10 rats
  12 briar patches
  A bush (Lair:5)
  12 fungi
  12 plants
2240 creatures vanquished.

Vanquished Creatures (collateral kills)
  6 ancient liches
  An Orb Guardian (Zot:5)
  A titan (Vaults:5)
  A tengu reaver (Vaults:5)
  A ghost moth (Zot:5)
  An ironbrand convoker (Vaults:5)
  A deep elf archer (Vaults:5)
  2 deep elf magi (Vaults:5)
14 creatures vanquished.

Vanquished Creatures (others)
  A black draconian (Zot:5)
  A naga sharpshooter (Snake:2)
  A storm dragon zombie (Vaults:3)
  A swamp worm (Swamp:4)
  A phantom (D:14)
  A centaur (D:14)
  An electric eel (Snake:2)
  An adder (D:6)
  A leopard gecko (D:6)
  3 orcs
  A quokka (D:6)
  A briar patch (Swamp:2)
  39 fungi
  31 plants
  12 toadstools
96 creatures vanquished.

Grand Total: 2350 creatures vanquished

Notes
Turn   | Place    | Note
-------+----------+-------------------------------------------
     0 | D:1      | teofil the Minotaur Berserker began the quest for the Orb.
     0 | D:1      | Reached XP level 1. HP: 19/19 MP: 0/0
   197 | D:1      | Reached skill level 4 in Axes
   306 | D:1      | Reached XP level 2. HP: 27/27 MP: 1/1
   624 | D:1      | Reached XP level 3. HP: 28/33 MP: 2/2
   900 | D:1      | Reached ** piety under Trog
   955 | D:1      | You fall through a shaft!
  1316 | D:2      | Reached skill level 5 in Axes
  1369 | D:2      | Gained mutation: You have a pair of large horns on your head. [potion of mutation]
  1369 | D:2      | Gained mutation: Your spells are a little harder to cast, but a little more powerful. [potion of mutation]
  1786 | D:2      | Found a burning altar of Makhleb.
  1792 | D:2      | Reached XP level 4. HP: 41/41 MP: 3/3
  2246 | D:3      | Reached *** piety under Trog
  2488 | D:3      | Found a runed door.
  2492 | D:3      | Noticed Crazy Yiuf
  2495 | D:3      | Killed Crazy Yiuf
  2495 | D:3      | Reached skill level 5 in Fighting
  2495 | D:3      | Reached skill level 6 in Axes
  2495 | D:3      | Reached XP level 5. HP: 48/48 MP: 4/4
  3062 | D:4      | Noticed an ogre
  3066 | D:4      | Killed an ogre
  3066 | D:4      | Reached XP level 6. HP: 47/56 MP: 5/5
  3222 | D:4      | Reached skill level 7 in Axes
  3791 | D:4      | Reached XP level 7. HP: 62/62 MP: 6/6
  3935 | D:4      | Reached **** piety under Trog
  3999 | D:5      | Entered Level 5 of the Dungeon
  4016 | D:5      | Reached skill level 8 in Axes
  4264 | D:5      | Reached XP level 8. HP: 68/71 MP: 7/7
  4382 | D:5      | Found a staircase to the Ecumenical Temple.
  4424 | D:5      | Reached skill level 5 in Armour
  4484 | D:5      | Reached skill level 9 in Axes
  4829 | D:6      | Noticed Prince Ribbit
  5193 | D:6      | Killed Prince Ribbit
  5193 | D:6      | Reached skill level 5 in Dodging
  5211 | D:6      | Found Caqoes Igo's Weapon Boutique.
  5213 | D:6      | Noticed Menkaure
  5496 | D:6      | Noticed Pikel
  5696 | D:6      | Received a gift from Trog
  5771 | D:6      | Reached skill level 10 in Axes
  5801 | D:6      | Killed Pikel
  5801 | D:6      | Reached XP level 9. HP: 81/81 MP: 8/8
  5805 | D:6      | Killed Menkaure
  6478 | D:7      | Reached ***** piety under Trog
  6643 | D:7      | Reached skill level 11 in Axes
  6706 | D:7      | Found a sacrificial altar of Ru.
  6736 | D:7      | Noticed a purple ugly thing
  6747 | D:7      | Killed a purple ugly thing
  7587 | D:8      | Reached XP level 10. HP: 69/90 MP: 9/9
  7810 | D:8      | Found a staircase to the Lair.
  7843 | D:8      | You fall through a shaft for 3 floors!
  7861 | D:11     | Reached skill level 12 in Axes
  7967 | D:11     | Found a portal to a secret trove of treasure.
  7969 | D:11     | Noticed a purple ugly thing
  7982 | D:11     | Killed a purple ugly thing
  7982 | D:11     | Reached skill level 1 in Evocations
  8064 | D:11     | Noticed a two-headed ogre
  8068 | D:11     | Killed a two-headed ogre
  8319 | D:10     | Entered Level 10 of the Dungeon
  8416 | D:9      | Found a blossoming altar of Fedhas.
  8655 | D:10     | Reached skill level 13 in Axes
  8759 | D:10     | Reached XP level 11. HP: 99/99 MP: 12/12
  9137 | D:10     | Found Kayxtes's Distillery.
  9146 | D:10     | Found Qophazib's Weapon Shop.
  9193 | D:10     | Reached skill level 10 in Fighting
  9422 | D:9      | Found a shimmering altar of Xom.
  9697 | D:9      | Received a gift from Trog
 10490 | D:9      | Found a staircase to the Orcish Mines.
 11146 | Lair:1   | Entered Level 1 of the Lair of Beasts
 11527 | Lair:1   | Noticed a death yak
 12050 | D:8      | Killed a death yak
 12730 | Lair:1   | Noticed a death yak
 12730 | Lair:1   | Noticed a death yak
 12731 | Lair:1   | Noticed a death yak
 12732 | Lair:1   | Noticed a death yak
 12732 | Lair:1   | Noticed a death yak
 12753 | D:8      | Killed a death yak
 12753 | D:8      | Reached skill level 14 in Axes
 12911 | D:8      | Killed a death yak
 12913 | D:8      | Killed a death yak
 12913 | D:8      | Reached skill level 10 in Armour
 12916 | D:8      | Killed a death yak
 13093 | Lair:1   | Killed a death yak
 13114 | Lair:1   | Reached XP level 12. HP: 87/110 MP: 13/13
 13933 | Lair:1   | Noticed Gastronok
 13939 | Lair:1   | Received a gift from Trog
 13944 | Lair:1   | Got a slimy executioner's axe {god gift}
 13965 | Lair:1   | Identified the +8 executioner's axe "Agusuolo" {speed, Fragile +Blink rElec rC++} (Trog gifted it to you on level 1 of the Lair of Beasts)
 13988 | Lair:1   | Reached skill level 15 in Axes
 14010 | Lair:1   | Killed Gastronok
 14010 | Lair:1   | Reached skill level 10 in Dodging
 14404 | Lair:1   | Found a large runed door.
 14404 | Lair:1   | Found a large runed door.
 14405 | Lair:1   | Noticed nawrastar's ghost (novice DsVM)
 14418 | Lair:1   | Killed nawrastar's ghost
 15369 | Lair:2   | Found a staircase to the Snake Pit.
 15451 | Lair:2   | Found a staircase to the Swamp.
 16063 | Lair:2   | Reached skill level 16 in Axes
 16772 | Lair:4   | Found a frozen archway.
 16779 | Lair:4   | Noticed a six-headed hydra
 16788 | Lair:4   | Received a gift from Trog
 16800 | Lair:4   | Killed a six-headed hydra
 16800 | Lair:4   | Reached XP level 13. HP: 30/118 MP: 14/14
 17109 | IceCv    | Entered an ice cave
 17457 | IceCv    | Got faintly humming ice dragon scales
 17483 | IceCv    | Identified the +2 ice dragon scales of Gallantry {rF- rC++ Regen+ rCorr} (You found it in an ice cave)
 18616 | Lair:5   | Noticed Urug
 18628 | Lair:5   | Killed Urug
 18712 | Lair:5   | Reached skill level 5 in Evocations
 18797 | Lair:5   | Reached skill level 17 in Axes
 18882 | Lair:5   | Noticed Josephine
 18890 | Lair:5   | Killed Josephine
 19522 | Lair:6   | Entered Level 6 of the Lair of Beasts
 19531 | Lair:6   | Received a gift from Trog
 19845 | Lair:6   | Reached ****** piety under Trog
 20106 | Lair:6   | Reached XP level 14. HP: 129/129 MP: 17/17
 20490 | Lair:6   | Found a large runed door.
 20491 | Lair:6   | Found a large runed door.
 21099 | Lair:6   | Received a gift from Trog
 21286 | Lair:6   | Found a staircase to the Slime Pits.
 21287 | Lair:6   | Found a viscous altar of Jiyva.
 21434 | Lair:6   | Reached skill level 18 in Axes
 22025 | Orc:1    | Entered Level 1 of the Orcish Mines
 22298 | Orc:1    | Noticed an orc warlord
 22548 | Orc:1    | Killed an orc warlord
 22883 | Orc:2    | Entered Level 2 of the Orcish Mines
 22883 | Orc:2    | Found a staircase to the Elven Halls.
 22995 | Orc:2    | Received a gift from Trog
 23207 | Orc:2    | Noticed a stone giant
 23217 | Orc:2    | Killed a stone giant
 23467 | Orc:2    | Noticed an orc warlord
 23498 | Orc:2    | Killed an orc warlord
 23578 | Orc:2    | Found a roughly hewn altar of Beogh.
 23626 | Orc:2    | Noticed a stone giant
 24014 | Orc:2    | Killed a stone giant
 24054 | Orc:2    | Found a roughly hewn altar of Beogh.
 24057 | Orc:2    | Found Deqiru Cuclu's Weapon Shoppe.
 24127 | Orc:2    | Found a roughly hewn altar of Beogh.
 24268 | Orc:2    | Found a roughly hewn altar of Beogh.
 24273 | Orc:2    | Found Xisyjire's Gadget Emporium.
 24319 | Orc:2    | Received a gift from Trog
 24341 | Orc:2    | Found a roughly hewn altar of Beogh.
 24404 | Orc:2    | Noticed an orc warlord
 24420 | Orc:2    | Killed an orc warlord
 24420 | Orc:2    | Reached XP level 15. HP: 138/138 MP: 19/19
 24438 | Orc:2    | Found Xiclexka's Antique Weapon Shop.
 24438 | Orc:2    | Found a roughly hewn altar of Beogh.
 24569 | Orc:2    | Found Ulegant's Antique Armour Boutique.
 24635 | Elf:1    | Entered Level 1 of the Elven Halls
 24690 | Elf:1    | Found a ruined gateway.
 24710 | Desolati | Entered the Desolation of Salt
 25339 | Elf:1    | Reached skill level 19 in Axes
 25549 | Elf:1    | Received a gift from Trog
 25718 | Elf:1    | Found a deep blue altar of Sif Muna.
 25785 | Elf:1    | Found Tidd's Book Emporium.
 25787 | Elf:1    | Found Seofem's Gadget Emporium.
 25787 | Elf:1    | Found Itivvas's Food Shoppe.
 25792 | Elf:1    | Found Lifac's General Store.
 26365 | Elf:1    | HP: 5/139 [halberd of freezing (18)]
 26826 | D:11     | Found a shadowy altar of Dithmenos.
 27206 | D:11     | Found Amezai's Magic Scroll Shop.
 27475 | D:12     | Received a gift from Trog
 28401 | D:13     | Noticed Nessos
 28410 | D:13     | Killed Nessos
 29104 | D:13     | Received a gift from Trog
 29130 | D:13     | Got an ichor-stained broad axe
 29131 | D:13     | Identified the cursed +0 broad axe "Refas" {freeze, Dex+4} (You found it on level 13 of the Dungeon)
 29342 | D:14     | Reached skill level 15 in Fighting
 29601 | D:14     | Reached skill level 20 in Axes
 29792 | D:14     | Reached XP level 16. HP: 145/149 MP: 20/20
 29953 | D:14     | Found a gateway to a bazaar.
 30092 | Bazaar   | Entered a bazaar
 30099 | Bazaar   | Found Rili's Assorted Antiques.
 30104 | Bazaar   | Bought a diamond ring for 100 gold pieces
 30130 | Bazaar   | Found Pyapriotesk's Magic Scroll Boutique.
 30162 | Bazaar   | Found Jewomem's Weapon Boutique.
 30219 | Bazaar   | Found Koug's Distillery.
 30423 | D:14     | Noticed Agnes
 30433 | D:14     | Killed Agnes
 30646 | D:14     | Found a gate to the Vaults.
 30686 | D:15     | Entered Level 15 of the Dungeon
 31017 | D:15     | Found a staircase to the Depths.
 31287 | D:15     | Received a gift from Trog
 31746 | Elf:1    | Bought the ring "Ataapsi" {rPois MR- Dex+4 Stlth+} for 394 gold pieces
 31967 | Swamp:1  | Entered Level 1 of the Swamp
 32176 | Swamp:1  | Reached skill level 15 in Armour
 32399 | Swamp:1  | Noticed a thorn hunter
 32408 | Swamp:1  | Killed a thorn hunter
 33356 | Swamp:2  | Got a spiked cloak
 33367 | Swamp:2  | Identified the +4 cloak of Kyalen Suumu {Int+5} (You found it on level 2 of the Swamp)
 33497 | Swamp:2  | Received a gift from Trog
 33599 | Swamp:2  | Noticed a thorn hunter
 33610 | Swamp:2  | Killed a thorn hunter
 34485 | Swamp:3  | Reached skill level 21 in Axes
 34613 | Swamp:3  | Noticed a thorn hunter
 34625 | Swamp:3  | Killed a thorn hunter
 35418 | Swamp:4  | Entered Level 4 of the Swamp
 36097 | Swamp:3  | Received a gift from Trog
 36205 | Swamp:4  | Reached XP level 17. HP: 158/158 MP: 21/21
 36842 | Swamp:4  | Got a decaying rune of Zot
 36903 | Swamp:4  | Received a gift from Trog
 37524 | Snake:1  | Entered Level 1 of the Snake Pit
 37814 | Snake:1  | Found a snail-covered altar of Cheibriados.
 37913 | Snake:2  | Noticed Jorgrun
 37926 | Snake:2  | Killed Jorgrun
 39219 | Snake:2  | Reached skill level 15 in Dodging
 39346 | Snake:2  | Noticed Aizul
 39359 | Snake:2  | Killed Aizul
 39439 | Snake:2  | Found a burning altar of Makhleb.
 39447 | Snake:2  | Found Vanaag's Jewellery Shop.
 39450 | Snake:2  | Found Jiudol's Gadget Shoppe.
 39451 | Snake:2  | Found Godutak's Jewellery Shop.
 39835 | Snake:3  | Reached skill level 22 in Axes
 40318 | Snake:3  | Received a gift from Trog
 40509 | Snake:3  | Found a runed door.
 40509 | Snake:3  | Noticed strelocc's ghost (adept GnEE)
 40536 | Snake:3  | Noticed Asterion
 40547 | Snake:3  | Killed Asterion
 41052 | Snake:4  | Entered Level 4 of the Snake Pit
 41418 | Snake:4  | Noticed Mara
 41433 | Snake:4  | Killed Mara
 41500 | Snake:4  | Noticed Donald
 41508 | Snake:4  | Killed Donald
 41524 | Snake:4  | Noticed Nikola
 41531 | Snake:4  | Killed Nikola
 41531 | Snake:4  | Reached XP level 18. HP: 169/169 MP: 22/22
 42236 | Snake:4  | Received a gift from Trog
 42280 | Snake:4  | Noticed Vashnia
 42884 | Snake:4  | Reached skill level 23 in Axes
 42908 | Snake:4  | Killed Vashnia
 42908 | Snake:4  | Received a gift from Trog
 43158 | Snake:4  | Got a serpentine rune of Zot
 43523 | Vaults:1 | Entered Level 1 of the Vaults
 44739 | Vaults:1 | Paralysed by a wizard for 4 turns
 44941 | Vaults:1 | Reached XP level 19. HP: 179/179 MP: 23/23
 45264 | Vaults:1 | Found a large runed door.
 45264 | Vaults:1 | Found a large runed door.
 45264 | Vaults:1 | Found a large runed door.
 45264 | Vaults:1 | Found a large runed door.
 45264 | Vaults:1 | Found a large runed door.
 45264 | Vaults:1 | Found a large runed door.
 45264 | Vaults:1 | Noticed Peapij's ghost (adept NaBe)
 45267 | Vaults:1 | Found a large runed door.
 45268 | Vaults:1 | Found a large runed door.
 45522 | Vaults:1 | Killed Peapij's ghost
 45823 | Vaults:2 | Received a gift from Trog
 45863 | Vaults:2 | Reached skill level 24 in Axes
 46509 | Vaults:2 | Received a gift from Trog
 46512 | Vaults:2 | Got an encrusted battleaxe {god gift}
 46513 | Vaults:2 | Identified the +9 battleaxe of Trog's Favour {distort, rElec rPois Dex+4} (Trog gifted it to you on level 2 of the Vaults)
 46759 | Vaults:2 | Found a staircase to the Crypt.
 47400 | Vaults:2 | Cast into level 2 of the Abyss (a deep elf demonologist)
 47483 | Vaults:2 | Escaped the Abyss
 48127 | Vaults:3 | Reached XP level 20. HP: 189/189 MP: 25/25
 48310 | Vaults:3 | Received a gift from Trog
 48702 | Vaults:3 | Paralysed by an ogre mage for 5 turns
 49811 | Snake:2  | Bought the ring "Leduso" {rElec MR+ Int-5 Dex+5 SInv} for 561 gold pieces
 50232 | Vaults:4 | Noticed Saint Roka
 50258 | Vaults:4 | Received a gift from Trog
 50311 | Vaults:3 | Killed Saint Roka
 50378 | Vaults:4 | Reached skill level 25 in Axes
 51789 | Vaults:4 | Found a radiant altar of Vehumet.
 51790 | Vaults:4 | Found the -2 hat of the Alchemist {rElec rPois rF+ rC+ rN+ MR+ rMut rCorr}
 51798 | Vaults:4 | Reached skill level 10 in Evocations
 51826 | Vaults:4 | Received a gift from Trog
 51829 | Vaults:4 | Got a scorched war axe {god gift}
 51831 | Vaults:4 | Identified the +3 war axe of Precise Incision {vamp, rElec Str+7} (Trog gifted it to you on level 4 of the Vaults)
 52779 | Depths:1 | Entered Level 1 of the Depths
 52936 | Depths:1 | Found a gateway to Hell.
 53670 | Depths:1 | Reached XP level 21. HP: 172/198 MP: 27/27
 53830 | Depths:1 | Found Qiatu's Magic Scroll Shoppe.
 54172 | Depths:1 | Received a gift from Trog
 54175 | Depths:1 | Got a jewelled battleaxe {god gift}
 54176 | Depths:1 | Identified the +4 battleaxe of the Candelabrum {freeze, rC+ rN+} (Trog gifted it to you on level 1 of the Depths)
 54712 | Depths:2 | Paralysed by a floating eye for 3 turns
 54818 | Depths:2 | Found a one-way gate leading to the halls of Pandemonium.
 54922 | Depths:2 | Found a runed door.
 55208 | Depths:2 | Noticed a greater mummy
 55222 | Depths:2 | Killed a greater mummy
 55353 | Depths:2 | Noticed a greater mummy
 55363 | Depths:2 | Killed a greater mummy
 55363 | Depths:2 | Reached skill level 26 in Axes
 56196 | Depths:2 | Noticed a caustic shrike
 56196 | Depths:2 | Noticed a juggernaut
 56209 | Depths:2 | Killed a caustic shrike
 56223 | Depths:2 | Received a gift from Trog
 56233 | Depths:2 | Killed a juggernaut
 56732 | Depths:3 | Found a gateway to a ziggurat.
 56784 | Depths:3 | Got a fine brass ring
 56785 | Depths:3 | Identified the ring of Rida {rF- Int+4 Stlth-} (You found it on level 3 of the Depths)
 57133 | Depths:3 | Received a gift from Trog
 57136 | Depths:3 | Reached XP level 22. HP: 213/213 MP: 28/28
 57877 | Depths:3 | Noticed a juggernaut
 57883 | Depths:3 | Killed a juggernaut
 57946 | Depths:3 | Noticed a golden dragon
 57957 | Depths:3 | Reached skill level 1 in Stealth
 57958 | Depths:3 | Killed a golden dragon
 58507 | Depths:4 | Received a gift from Trog
 58659 | Depths:4 | Found a magical portal.
 58669 | WizLab   | Entered Zonguldrok's Shrine
 58902 | WizLab   | Noticed an antique lich
 58907 | WizLab   | Killed an antique lich
 58911 | WizLab   | Found the +9 sword of Zonguldrok {reap}
 59329 | Depths:4 | Noticed a juggernaut
 59339 | Depths:4 | Killed a juggernaut
 59346 | Depths:4 | Received a gift from Trog
 59353 | Depths:4 | Reached XP level 23. HP: 225/225 MP: 30/30
 59362 | Depths:4 | Noticed a caustic shrike
 59367 | Depths:4 | Killed a caustic shrike
 59546 | Depths:4 | Found a one-way gate to the infinite horrors of the Abyss.
 59934 | Depths:5 | Entered Level 5 of the Depths
 59972 | Depths:5 | Noticed Mennas
 60223 | Depths:5 | Noticed Xtahua
 60362 | Depths:4 | Received a gift from Trog
 60703 | Depths:5 | Killed Mennas
 60784 | Depths:5 | Killed Xtahua
 60787 | Depths:5 | Noticed Margery
 60799 | Depths:5 | Killed Margery
 61126 | Depths:5 | Found a gate to the Realm of Zot.
 61777 | Vaults:5 | Entered Level 5 of the Vaults
 61837 | Vaults:5 | Received a gift from Trog
 61861 | Vaults:5 | Reached XP level 24. HP: 192/237 MP: 31/31
 61970 | Vaults:5 | Got an ichor-stained battleaxe {god gift}
 61978 | Vaults:4 | Identified the +1 battleaxe of Taos {venom, +Rage rElec rF- Dex+2} (Trog gifted it to you on level 5 of the Vaults)
 62142 | Vaults:5 | Received a gift from Trog
 62363 | Vaults:5 | Received a gift from Trog
 62704 | Vaults:5 | Reached skill level 27 in Axes
 62780 | Vaults:5 | Noticed an ancient lich
 62790 | Vaults:5 | Killed an ancient lich
 62806 | Vaults:5 | Got a smoking hand axe
 62808 | Vaults:5 | Identified the +3 hand axe "Ohis" {flame, rC+ Str+2 Stlth+} (You found it on level 5 of the Vaults)
 62937 | Vaults:5 | Noticed Sojobo
 62957 | Vaults:5 | Killed Sojobo
 62966 | Vaults:5 | Got a crude golden ring
 62972 | Vaults:5 | Got an ancient golden ring
 63070 | Vaults:5 | Got a heavily runed plate armour
 63071 | Vaults:5 | Identified the +10 plate armour "Zilytzask" {Str+5 SInv} (You found it on level 5 of the Vaults)
 63102 | Vaults:5 | Identified the ring "Pugaohot" {*Tele rN+ Str+2 Dex-3 Slay+3} (You took it off a deep elf annihilator on level 5 of the Vaults)
 63103 | Vaults:5 | Identified the ring of Mireet {*Corrode +Blink MR+ MP+9 Int+4} (You took it off Sojobo on level 5 of the Vaults)
 63417 | Vaults:5 | Got a silver rune of Zot
 64153 | Zot:1    | Entered Level 1 of the Realm of Zot
 64799 | Zot:2    | Noticed an orb of fire
 64805 | Zot:2    | Gained mutation: You are frail. (-10% HP) [an orb of fire]
 64812 | Zot:2    | Gained mutation: Armour fits poorly on your strangely shaped body. [an orb of fire]
 64815 | Zot:2    | Killed an orb of fire
 64815 | Zot:2    | Reached XP level 25. HP: 170/222 MP: 32/32
 65762 | Zot:2    | Received a gift from Trog
 65829 | Zot:2    | HP: 7/238 [acid (7)]
 65836 | Zot:2    | HP: 4/238 [acid (9)]
 65843 | Zot:2    | HP: 11/238 [acid blob (20)]
 65843 | Zot:2    | HP: 4/238 [acid (7)]
 67903 | Zot:4    | Received a gift from Trog
 67912 | Zot:4    | Reached XP level 26. HP: 233/233 MP: 33/33
 68097 | Zot:4    | Noticed an orb of fire
 68103 | Zot:4    | Lost mutation: You are frail. (-10% HP) [an orb of fire]
 68109 | Zot:4    | Killed an orb of fire
 68312 | Zot:5    | Entered Level 5 of the Realm of Zot
 68793 | Zot:5    | Noticed an ancient lich
 68799 | Zot:5    | Killed an ancient lich
 68807 | Zot:5    | Noticed an ancient lich
 68821 | Zot:5    | Killed an ancient lich
 68823 | Zot:5    | Noticed an ancient lich
 68828 | Zot:5    | Noticed an ancient lich
 68829 | Zot:5    | Noticed an orb of fire
 68831 | Zot:5    | Noticed an ancient lich
 68831 | Zot:5    | Noticed an ancient lich
 68838 | Zot:5    | Noticed an orb of fire
 68841 | Zot:5    | Noticed an ancient lich
 68845 | Zot:5    | Killed an orb of fire
 68846 | Zot:5    | Killed an ancient lich
 68851 | Zot:5    | Killed an ancient lich
 68852 | Zot:5    | Killed an orb of fire
 68854 | Zot:5    | Killed an ancient lich
 68856 | Zot:5    | Received a gift from Trog
 68857 | Zot:5    | Killed an ancient lich
 68858 | Zot:5    | Killed an ancient lich
 68862 | Zot:5    | Gained mutation: You are frail. (-10% HP) [mutagenic glow]
 69058 | Zot:5    | Reached XP level 27. HP: 230/243 MP: 33/33
 69066 | Zot:5    | Noticed an ancient lich
 69069 | Zot:5    | Noticed an orb of fire
 69075 | Zot:5    | Killed an ancient lich
 69080 | Zot:5    | Noticed an orb of fire
 69080 | Zot:5    | Gained mutation: Your magical capacity is low. (-10% MP) [an orb of fire]
 69081 | Zot:5    | Noticed an ancient lich
 69081 | Zot:5    | Noticed an ancient lich
 69091 | Zot:5    | HP: 6/387 [orb of fire/fireball (58)]
 69091 | Zot:5    | Killed from afar by an orb of fire

Vault maps used:
D:1:      sevenhm_arrival_forest_fort_small_4
D:2:      makhleb_grotto_becter, minmay_pentomino_x2
D:3:      first_ration, minmay_misc_feat_pillars, minmay_misc_feat_cross,
          uniq_crazy_yiuf_cottage
D:4:      cheibrodos_fertilizer, lemuel_another_geyser
D:5:      minmay_temple_entry_enclosed_plants, minmay_crystal_water
D:6:      gup_sewer_entry_pipe, serial_shops, shop, uniq_menkaure, uniq_pikel,
          uniq_prince_ribbit1
D:7:      basic_altar
D:8:      dpeg_oklobed_lair, the_bakery
D:9:      david_orc_4, basic_altar, fedhas_altar_3
D:10:     serial_shops, shop, shop
D:11:     serial_shops, nicolae_shop_stone, nicolae_trove_entry_free_sample,
          st_stairs_11, nicolae_zen_rock_garden, grunt_dithmenos_shadows
D:12:     serial_column_ruins, column_ruins_grid_1, column_ruins_corridor_T,
          column_ruins_open_tiny, column_ruins_open_tiny,
          column_ruins_open_medium, column_ruins_open_tiny,
          column_ruins_open_small
D:13:     uniq_nessos
D:14:     david_vaults_5, serial_shops, bzr_entry_road, uniq_agnes
D:15:     hangedman_depths_entry_try_elsewhere_first, grunt_decor_mini_mirrors,
          minivault_22
Lair:1:   wad_woods_minihive, ebering_ghost_disaster_area, uniq_gastronok
Lair:2:   swamp_mist_pool, minmay_snake_entry_six_corridors,
          hangedman_lair_unloving_vines, beast_lair_carwin_1
Lair:4:   portal_ice_cave_entry_imps
Lair:5:   grunt_forest_large_clearing_hut, serial_bayou_shore_a, uniq_urug,
          uniq_josephine
Lair:6:   cheibrodos_lair_end_hotspot, slime_altar_1, roderic_batcave
Swamp:1:  cheibrodos_swamp_tower_of_moss, evilmike_swamp_ruin_house_2,
          infiniplex_staircase_pool
Swamp:2:  nicolae_swamp_trees_clearing
Swamp:3:  serial_swamp_ruin, evilmike_swamp_ruin_rubble_1,
          evilmike_swamp_ruin_rubble_2, evilmike_swamp_ruin_house_6, swamp_pool1
Swamp:4:  swamp, swamp_pool1
Snake:1:  basic_altar
Snake:2:  basic_altar, serial_bayou, serial_bayou_lake_a, serial_bayou_crossing,
          serial_bayou_lagoon_a, serial_bayou_shore_b, serial_bayou_ford_a,
          minmay_shop_grove, lemuel_fruit_tree, serial_bayou_shore_b,
          uniq_jorgrun, uniq_aizul
Snake:3:  gammafunk_ghost_grave, uniq_asterion
Snake:4:  johnstein_snake_rune_scales, uniq_donald, uniq_nikola, uniq_mara,
          uniq_vashnia
Orc:2:    grunt_orc_community_town_hall, grunt_orc_community_big_house_2,
          grunt_orc_community_big_house_2, grunt_orc_community_house_1,
          grunt_orc_community_house_2, grunt_orc_community_house_1,
          grunt_orc_community_house_1, grunt_orc_community_house_2,
          grunt_orc_community_house_2, basic_altar
Elf:1:    basic_altar, portal_desolation_entry_nicolae_nacl, orc_legates,
          moated_statue, minmay_shoptagon
Vaults:1: advil_vaults_ghost_lines, v_alt_pattern_4, hangedman_vaults_hat,
          grunt_vaults_hallway_long, nicolae_vaults_yaktaur_gun_rack, v_misc_2,
          hangedman_vaults_pinch, vaults_room_grunt_arrival_ludios,
          vaults_mumra_lcd, v_alt_pattern_1, ontoclasm_vaults_fault,
          hangedman_vaults_stagger, st_spiral_rooms,
          ontoclasm_vaults_misaligned, nicolae_vaults_asterisk
Vaults:2: v_pattern_3, ontoclasm_vaults_decontamination, v_misc_16,
          nicolae_vaults_little_squares_2, minmay_crypt_entry_simple_corners,
          grunt_vaults_trifunnel, ontoclasm_vaults_ring_small,
          vaults_room_hallway, hangedman_vaults_stitches, hangedman_vaults_trim,
          v_alt_pattern_2, vaults_room_fancy_cross, hangedman_vaults_maws,
          vaults_room_door_ring, nicolae_vaults_ring_of_whatevers
Vaults:3: nicolae_vaults_diagonal_hallway_7, ontoclasm_vaults_pinch, v_rooms_6,
          nicolae_vaults_stairing_the_circle, hangedman_vaults_unwind,
          nicolae_vaults_circle_grid_a, v_misc_13, ontoclasm_vaults_idyll,
          vaults_room_octagon, vaults_room_stairs_pillars,
          hangedman_vaults_cutoff, vaults_mumra_minichess,
          hangedman_vaults_stretched_pinwheel
Vaults:4: nicolae_vaults_three_branches, v_misc_27, v_rooms_4, v_pattern_5,
          hangedman_vaults_snaps, grunt_tower_of_power,
          nicolae_vaults_angled_halls, dpeg_vaults_monster_row,
          hangedman_vaults_stretched_pinwheel, uniq_saint_roka
Vaults:5: uniq_sojobo
Depths:1: kennysheep_bubbly, patterned_corridor, hell_entry, serial_shops, shop,
          nicolae_lava_and_water, evilmike_butchery, serial_bayou_shore_b
Depths:2: ragdoll_tomb_raider, minmay_hedge_maze, rand_demon_pan_entry_7,
          hell_entry, spider_trap, lightli_gold_pyramid
Depths:3: kennysheep_four_of_diamonds, ziggurat_fallback,
          grunt_pan_entry_in_and_out, hell_entry, minivault_14,
          minmay_serpent_palace
Depths:4: hangedman_cross_veins, abyss_entry, hangedman_coc_ice_floe, pan_entry,
          hangedman_decor_lopped, infiniplex_enter_wizlab_glasses,
          grunt_megastairs_4
Depths:5: evilmike_zot_entry_diamond, abyss_entry,
          pf_vacation_house_of_asmodeus, serial_sigils_hangedman_scratch,
          uniq_xtahua, uniq_mennas, uniq_margery
Zot:2:    lemuel_acid_trip, grunt_ministairs_7
Zot:3:    st_single_dragon_hoard_1
Zot:4:    zot_minivault_5
Abyss:2:  evilmike_abyss_exit_17, minivault_11
Bazaar:   bazaar_jpeg_ninerooms_5
IceCv:    ice_cave_statue_garden_chambered
WizLab:   wizlab_zonguldrok

Skill      XL: |  1  2  3  4  5  6  7  8  9 10 11 12 13 14 15 16 17 18 19 20 21 22 23 24 25 26 |
---------------+-------------------------------------------------------------------------------+-----
Axes           | 4 5 6 7 8 10 11 13 14 16 17 18 20 21 22 23 24 25 26 27 | 27.0
Fighting       | 4 5 6 7 8 9 11 12 13 14 15 16 17 18 19 21 22 23 24 25 26 | 26.7
Armour         | 3 4 6 7 8 10 11 12 13 14 15 16 17 18 20 21 22 23 25 | 25.2
Dodging        | 3 4 5 6 8 9 10 11 12 13 14 15 16 17 18 19 20 21 22 23 | 23.5
Evocations     | 2 3 5 7 9 10 11 12 13 14 | 14.9
Stealth        | 4 |  4.5

Action                   |  1- 3 |  4- 6 |  7- 9 | 10-12 | 13-15 | 16-18 | 19-21 | 22-24 | 25-27 || total
-------------------------+-------+-------+-------+-------+-------+-------+-------+-------+-------++-------
Melee: Hand axe          |    93 |   109 |    68 |       |       |       |       |       |       ||   270
       Headbutt          |    15 |    19 |    49 |    93 |   180 |   277 |   382 |   297 |   223 ||  1535
       War axe           |       |       |   195 |   130 |       |       |       |       |       ||   325
       Broad axe         |       |       |       |   187 |       |       |       |       |       ||   187
       Battleaxe         |       |       |       |    63 |       |       |       |       |       ||    63
       Executioner's axe |       |       |       |   143 |   907 |  1007 |  1062 |   878 |   560 ||  4557
Invok: Berserk           |     1 |     4 |     9 |    14 |    17 |    12 |    20 |    10 |     8 ||    95
       Trog's Hand       |       |       |       |       |       |     2 |     6 |    10 |     3 ||    21
       Brothers in Arms  |       |       |       |       |       |     1 |     2 |     4 |     3 ||    10
Evoke: Wand              |       |       |       |    14 |    28 |    37 |       |       |     1 ||    80
       Lamp of fire      |       |       |       |     1 |       |     1 |       |       |       ||     2
  Use: Potion            |     3 |     2 |     3 |     1 |     4 |     2 |     2 |       |     9 ||    26
       Scroll            |       |       |     9 |    13 |    11 |     4 |     6 |    20 |     3 ||    66
 Stab: Petrified         |       |       |       |       |     3 |       |       |       |       ||     3
       Petrifying        |       |       |       |       |     1 |       |       |       |       ||     1
       Paralysed         |       |       |       |       |       |    22 |       |       |       ||    22
       Sleeping          |       |       |       |       |       |       |     2 |       |       ||     2
       Distracted        |       |       |       |       |       |       |     1 |     4 |       ||     5
       Confused          |       |       |       |       |       |       |       |     1 |       ||     1
  Eat: Chunk             |     3 |    10 |    21 |    33 |    43 |    27 |    45 |    16 |    15 ||   213
       Ration            |       |       |       |     4 |     4 |    10 |     4 |     7 |     2 ||    31
Armor: Animal skin       |     5 |       |       |       |       |       |       |       |       ||     5
       Ring mail         |    14 |       |       |       |       |       |       |       |       ||    14
       Plate armour      |    33 |    55 |   132 |   381 |   433 |   484 |   131 |   192 |       ||  1841
       Ice dragon scales |       |       |       |       |       |     2 |   172 |       |       ||   174
       Gold dragon scale |       |       |       |       |       |       |       |   293 |   241 ||   534
Dodge: Dodged            |    60 |    41 |   106 |   339 |   450 |   640 |   545 |   678 |   307 ||  3166
Block: Other             |       |       |       |       |    97 |   101 |    45 |       |       ||   243
       Reflection        |       |       |       |       |     9 |     6 |     2 |       |       ||    17

Table legend:
 A = Spawn XP
 B = Non-spawn XP
 C = Spawn XP percentage of total XP
 D = Spawn monster count
 E = Non-spawn monster count
 F = Spawn count percentage of total count
 G = Total turns spent on level
                    A         B        C        D         E        F      G
               +---------+---------+-------+---------+---------+-------+---------
         Total |    2478 | 1503657 |   0.2 |       3 |    2218 |   0.1 | 69091
               +---------+---------+-------+---------+---------+-------+---------
           D:1 |       0 |      59 |   0.0 |       0 |      29 |   0.0 |  1293
           D:2 |       0 |      90 |   0.0 |       0 |      21 |   0.0 |   734
           D:3 |       0 |      67 |   0.0 |       0 |      12 |   0.0 |   544
           D:4 |       0 |     803 |   0.0 |       0 |      41 |   0.0 |  1428
           D:5 |       0 |     788 |   0.0 |       0 |      20 |   0.0 |  1105
           D:6 |       0 |    1582 |   0.0 |       0 |      26 |   0.0 |   876
           D:7 |       0 |    1729 |   0.0 |       0 |      26 |   0.0 |  1286
           D:8 |       0 |    7112 |   0.0 |       0 |      36 |   0.0 |  3087
           D:9 |       0 |    3013 |   0.0 |       0 |      42 |   0.0 |  1575
          D:10 |       0 |    1807 |   0.0 |       0 |      32 |   0.0 |  1230
          D:11 |       0 |    5619 |   0.0 |       0 |      37 |   0.0 |  1118
          D:12 |       0 |    5837 |   0.0 |       0 |      25 |   0.0 |   880
          D:13 |       0 |   10331 |   0.0 |       0 |      43 |   0.0 |  1477
          D:14 |       0 |   14412 |   0.0 |       0 |      45 |   0.0 |  1303
          D:15 |       0 |   11970 |   0.0 |       0 |      28 |   0.0 |   982
        Lair:1 |       0 |    8957 |   0.0 |       0 |      43 |   0.0 |  1961
        Lair:2 |       0 |    7215 |   0.0 |       0 |      40 |   0.0 |  1710
        Lair:3 |       0 |    1130 |   0.0 |       0 |       6 |   0.0 |   416
        Lair:4 |       0 |    4960 |   0.0 |       0 |      32 |   0.0 |  1119
        Lair:5 |       0 |   10783 |   0.0 |       0 |      34 |   0.0 |  1213
        Lair:6 |       0 |   27429 |   0.0 |       0 |      87 |   0.0 |  2381
       Swamp:1 |       0 |   11089 |   0.0 |       0 |      21 |   0.0 |  1252
       Swamp:2 |       0 |    4882 |   0.0 |       0 |       9 |   0.0 |   903
       Swamp:3 |       0 |   24077 |   0.0 |       0 |      45 |   0.0 |  2238
       Swamp:4 |       0 |   12318 |   0.0 |       0 |      28 |   0.0 |  1136
       Snake:1 |       0 |    3291 |   0.0 |       0 |       8 |   0.0 |   476
       Snake:2 |       0 |   25544 |   0.0 |       0 |      39 |   0.0 |  1942
       Snake:3 |       0 |   11060 |   0.0 |       0 |      18 |   0.0 |  1314
       Snake:4 |       0 |   70544 |   0.0 |       0 |      96 |   0.0 |  2170
         Orc:1 |       0 |    4621 |   0.0 |       0 |      40 |   0.0 |  1076
         Orc:2 |       0 |   15759 |   0.0 |       0 |     110 |   0.0 |  1698
         Elf:1 |       0 |   19582 |   0.0 |       0 |      42 |   0.0 |  1630
      Vaults:1 |       0 |   57300 |   0.0 |       0 |      81 |   0.0 |  2179
      Vaults:2 |       0 |   73333 |   0.0 |       0 |     126 |   0.0 |  2074
      Vaults:3 |       0 |   44787 |   0.0 |       0 |      68 |   0.0 |  2022
      Vaults:4 |       0 |   71432 |   0.0 |       0 |      94 |   0.0 |  2913
      Vaults:5 |       0 |  157065 |   0.0 |       0 |     120 |   0.0 |  1620
      Depths:1 |       0 |   34437 |   0.0 |       0 |      40 |   0.0 |  1940
      Depths:2 |       0 |   78061 |   0.0 |       0 |      60 |   0.0 |  1845
      Depths:3 |       0 |   82467 |   0.0 |       0 |     106 |   0.0 |  2109
      Depths:4 |       0 |  103603 |   0.0 |       0 |      86 |   0.0 |  1701
      Depths:5 |       0 |   71491 |   0.0 |       0 |      44 |   0.0 |  1006
         Zot:1 |       0 |    7075 |   0.0 |       0 |       4 |   0.0 |   551
         Zot:2 |       0 |  102451 |   0.0 |       0 |      75 |   0.0 |  1693
         Zot:3 |       0 |   32295 |   0.0 |       0 |      18 |   0.0 |  1075
         Zot:4 |       0 |   72419 |   0.0 |       0 |      34 |   0.0 |   824
         Zot:5 |       0 |  168730 |   0.0 |       0 |      56 |   0.0 |   779
       Abyss:2 |    2478 |       0 | 100.0 |       3 |       0 | 100.0 |    83
         IceCv |       0 |    3299 |   0.0 |       0 |      11 |   0.0 |   434
        WizLab |       0 |   12122 |   0.0 |       0 |      29 |   0.0 |   319
    Desolation |       0 |    2830 |   0.0 |       0 |       5 |   0.0 |   189
               +---------+---------+-------+---------+---------+-------+---------
